Match 47165502
Unlisted

Match 47165502
End
Construct Infanterie Kompanie
Selects Mechanized Battlegroup
MG 42 Machine Gun Team
Grenadier Squad
Grenadier Squad
Grenadier Squad
Construct Panzergrenadier Kompanie
Selects Mobile Repair Stations
Medical Station
Pak 40 Anti-tank Gun Team
Selects Wespe Self-propelled Artillery
Wespe Self-propelled Artillery
Auxiliary Priest
DrinkAndDrank
Esxile
Bego
0
0

Comments sign in to comment!

No comments posted yet!